Workbook

Sheet Custo por trabalhador
B4: PLANILHA DE CUSTOS E FORMAÇÃO DE PREÇOS
B5: MODELO DE FORMAÇÃO DE CUSTO MENSAL PARA UM EMPREGADO
B7: MÓDULO 1 - REMUNERAÇÃO
B8: * A remuneração é definida no art. 457 da Consolidação das Leis do Trabalho. * É composta por Salário Base, Adicionais (noturno, de insalubridade ou periculosidade) e gratificações, quando houver.
B10: SALÁRIO BASE
B11: * O Salário Base vem definido na Convenção Coletiva de Trabalho da categoria profissional a ser contratada para o objeto da prestação de serviço. * O contratante deverá observar se a CCT abrange o município de prestação de serviço e se está vigente.
B13: SALÁRIO BASE
B14: Eletricista | C14: 1899.04
B15: Auxiliar | C15: 1282.27
B16: Motorista | C16: 1899.04
B17: Motorista de Caminhão Munck | C17: 1899.04
B18: Eletrotécnico | C18: 3404.77
B19: Coordenador | C19: 5000
B21: GRATIFICAÇÃO DE FUNÇÃO
B22: * Gratificação de função, quando houver, virá informada na Convenção Coletiva de Trabalho da categoria profissional a ser contratada. * O órgão contrantante deverá observar, além da existência de gratificação, se esta incidirá sobre os adicionais, devendo adaptar a planilha ao caso em concreto. * Para o presente modelo foi considerada gratificação como percentual sobre o salário base e sem incidência sobre os adicionais (noturno, periculosidade ou insalubridade).
B24: GRATIFICAÇÃO DE FUNÇÃO
B25: Categoria | C25: Base de cálculo | D25: Percentual
B26: Eletricista | C26: =C14 -> 1899.04 | D26: 0 | E26: =C26*D26 -> 0
B27: =B15 -> Auxiliar | C27: =C15 -> 1282.27 | D27: 0 | E27: =C27*D27 -> 0
B28: =B16 -> Motorista | C28: =C16 -> 1899.04 | D28: 0 | E28: =C28*D28 -> 0
B29: Motorista de Caminhão Munck | C29: =C17 -> 1899.04 | D29: 0 | E29: =C29*D29 -> 0
B30: =B18 -> Eletrotécnico | C30: =C18 -> 3404.77 | D30: 0 | E30: =C30*D30 -> 0
B31: =B19 -> Coordenador | C31: =C19 -> 5000 | D31: 0 | E31: =C31*D31 -> 0
B33: ADICIONAIS (periculosidade ou insalubridade, se houver)
B34: * Os adicionais de periculosidade ou insalubridade, em conformidade com os art. 192 e 193 da CLT, dependem da natureza do serviço a ser prestado. * O órgão contrantante deverá observar, além da existência de previsão em CLT, se há informações na Convenção Coletiva de Trabalho acerca dos adicionais, bem como seu percentual e a base de cálculo, devendo adaptar a planilha ao caso em concreto.
B36: ADICIONAL DE PERICULOSIDADE
B37: Categoria | C37: Base de cálculo | D37: Percentual | E37: Valor
B38: Eletricista (44h semanais) | C38: =C26 -> 1899.04 | D38: 0.3 | E38: =C38*D38 -> 569.712
B39: Auxiliar (44h semanais) | C39: =C27 -> 1282.27 | D39: =D38 -> 0.3 | E39: =C39*D39 -> 384.681
B40: Motorista (44h semanais) | C40: =C28 -> 1899.04 | D40: 0 | E40: =C40*D40 -> 0
B41: Motorista de Caminhão Munck (44h semanais) | C41: =C29 -> 1899.04 | D41: 0.3 | E41: =C41*D41 -> 569.712
B42: Eletrotécnico (44h semanais) | C42: =ROUND(C30,2) -> 3404.77 | D42: 0.3 | E42: =ROUND(C42*D42,2) -> 1021.43
B43: Coordenador (44h semanais) | C43: =C31 -> 5000 | D43: 0 | E43: =C43*D43 -> 0
B47: MÓDULO 1 - REMUNERAÇÃO
B48: Este quadro totaliza a remuneração devida ao trabalhador, conforme previsão da Consolidação das Leis do Trabalho e valores disponíveis na Convenção Coletiva para a categoria
B50: MÓDULO 1 - REMUNERAÇÃO
B51: Categoria | C51: Salário Base | D51: Gratificação de função | E51: Adicional de Periculosidade ou Insalubridade | F51: Adicional Noturno | G51: Adicional XXX | H51: Total
B52: Eletricista | C52: =C14 -> 1899.04 | D52: =E26 -> 0 | E52: =E38 -> 569.712 | F52: 0 | G52: 0 | H52: =SUM(C52:G52) -> 2468.752
B53: Auxiliar | C53: =C15 -> 1282.27 | D53: =E26 -> 0 | E53: =E39 -> 384.681 | F53: 0 | G53: 0 | H53: =SUM(C53:G53) -> 1666.951
B54: Motorista | C54: =C16 -> 1899.04 | D54: =E26 -> 0 | E54: =E40 -> 0 | F54: 0 | G54: 0 | H54: =SUM(C54:G54) -> 1899.04
B55: Motorista de caminhão Munck | C55: =C17 -> 1899.04 | D55: =E27 -> 0 | E55: =E41 -> 569.712 | F55: 0 | G55: 0 | H55: =SUM(C55:G55) -> 2468.752
B56: Eletrotécnico | C56: =C18 -> 3404.77 | D56: =E31 -> 0 | E56: =ROUND(E42,2) -> 1021.43 | F56: 0 | G56: 0 | H56: =SUM(C56:G56) -> 4426.2
B57: Coordenador | C57: =C19 -> 5000 | D57: =E31 -> 0 | E57: =E43 -> 0 | F57: 0 | G57: 0 | H57: =SUM(C57:G57) -> 5000
B59: MÓDULO 2 - ENCARGOS E BENEFÍCIOS (ANUAIS, MENSAIS E DIÁRIOS)
B61: SUBMÓDULO 2.1 – 13° SALÁRIO, FÉRIAS E ADICIONAL DE FÉRIAS
B63: 13° SALÁRIO Previsto no Decreto 57.155, de 1965.
B64: Categoria | C64: Base de cálculo | D64: Provisionamento Mensal | E64: Valor
B65: Eletricista | C65: =H52 -> 2468.752 | D65: =1/12 -> 0.083333333 | E65: =C65*D65 -> 205.72933
B66: Auxiliar | C66: =H53 -> 1666.951 | D66: =1/12 -> 0.083333333 | E66: =C66*D66 -> 138.91258
B67: Motorista | C67: =H54 -> 1899.04 | D67: =1/12 -> 0.083333333 | E67: =C67*D67 -> 158.25333
B68: Motorista de caminhão Munck | C68: =H55 -> 2468.752 | D68: =1/12 -> 0.083333333 | E68: =C68*D68 -> 205.72933
B69: Eletrotécnico | C69: =H56 -> 4426.2 | D69: =1/12 -> 0.083333333 | E69: =C69*D69 -> 368.85
B70: Coordenador | C70: =H57 -> 5000 | D70: =1/12 -> 0.083333333 | E70: =C70*D70 -> 416.66667
B72: FÉRIAS Previsto no art. 7° da Constituição Federal
B73: Categoria | C73: Base de cálculo | D73: Provisionamento Mensal | E73: Valor
B74: Eletricista | C74: =H52 -> 2468.752 | D74: =1/12 -> 0.083333333 | E74: =C74*D74 -> 205.72933
B75: Auxiliar | C75: =H53 -> 1666.951 | D75: =1/12 -> 0.083333333 | E75: =C75*D75 -> 138.91258
B76: Motorista | C76: =H54 -> 1899.04 | D76: =1/12 -> 0.083333333 | E76: =C76*D76 -> 158.25333
B77: Motorista de caminhão Munck | C77: =H55 -> 2468.752 | D77: =1/12 -> 0.083333333 | E77: =C77*D77 -> 205.72933
B78: Eletrotécnico | C78: =H56 -> 4426.2 | D78: =1/12 -> 0.083333333 | E78: =ROUND(C78*D78,2) -> 368.85
B79: Coordenador | C79: =H57 -> 5000 | D79: =1/12 -> 0.083333333 | E79: =C79*D79 -> 416.66667
B81: ADICIONAL DE FÉRIAS - 1/3 CONSTITUCIONAL
B82: Categoria | C82: Base de cálculo | D82: Alíquota Adicional | E82: Provisionamento Mensal | F82: Valor
B83: Eletricista | C83: =H52 -> 2468.752 | D83: =1/3 -> 0.33333333 | E83: =1/12 -> 0.083333333 | F83: =C83*D83*E83 -> 68.576444
B84: Auxiliar | C84: =H53 -> 1666.951 | D84: =1/3 -> 0.33333333 | E84: =1/12 -> 0.083333333 | F84: =C84*D84*E84 -> 46.304194
B85: Motorista | C85: =H54 -> 1899.04 | D85: =1/3 -> 0.33333333 | E85: =1/12 -> 0.083333333 | F85: =C85*D85*E85 -> 52.751111
B86: Motorista de caminhão Munck | C86: =H55 -> 2468.752 | D86: =1/3 -> 0.33333333 | E86: =1/12 -> 0.083333333 | F86: =C86*D86*E86 -> 68.576444
B87: Eletrotécnico | C87: =H56 -> 4426.2 | D87: =1/3 -> 0.33333333 | E87: =1/12 -> 0.083333333 | F87: =ROUND(C87*D87*E87,2) -> 122.95
B88: Coordenador | C88: =H57 -> 5000 | D88: =1/3 -> 0.33333333 | E88: =1/12 -> 0.083333333 | F88: =C88*D88*E88 -> 138.88889
B90: SUBMÓDULO 2.1 – 13° SALÁRIO, FÉRIAS E ADICIONAL DE FÉRIAS
B91: Categoria | C91: 13° Salário | D91: Férias | E91: 1/3 Constitucional | F91: Total
B92: Eletricista | C92: =E65 -> 205.72933 | D92: =E74 -> 205.72933 | E92: =F83 -> 68.576444 | F92: =SUM(C92:E92) -> 480.03511
B93: Auxiliar | C93: =E66 -> 138.91258 | D93: =E75 -> 138.91258 | E93: =F84 -> 46.304194 | F93: =SUM(C93:E93) -> 324.12936
B94: Motorista | C94: =ROUND(E67,2) -> 158.25 | D94: =ROUND(E76,2) -> 158.25 | E94: =ROUND(F85,2) -> 52.75 | F94: =SUM(C94:E94) -> 369.25
B95: Motorista de caminhão Munck | C95: =ROUND(E68,2) -> 205.73 | D95: =ROUND(E77,2) -> 205.73 | E95: =ROUND(F86,2) -> 68.58 | F95: =SUM(C95:E95) -> 480.04
B96: Eletrotécnico | C96: =ROUND(E69,2) -> 368.85 | D96: =ROUND(E78,2) -> 368.85 | E96: =ROUND(F87,2) -> 122.95 | F96: =SUM(C96:E96) -> 860.65
B97: Coordenador | C97: =ROUND(E70,2) -> 416.67 | D97: =ROUND(E79,2) -> 416.67 | E97: =ROUND(F88,2) -> 138.89 | F97: =SUM(C97:E97) -> 972.23
B99: SUBMÓDULO 2.2 - ENCARGOS PREVIDENCIÁRIOS E FGTS
B100: * Previsto no art. 195 da Constituição Federal. * Os percentuais informados não são taxativos e deverão observar o enquadramento real das empresas prestadoras de serviço, em especial no que diz respeito ao SAT-GIIL/RAT.
B102: COMPOSIÇÃO DO GPS E FGTS
B103: Encargos | C103: Percentual
B104: INSS - empregador | C104: 0.2
B105: Salário-Educação | C105: 0.025
B106: SAT- GIL/RAT | C106: 0.06
B107: SESC | C107: 0.015
B108: SENAC | C108: 0.01
B109: SEBRAE | C109: 0.006
B110: INCRA | C110: 0.002
B111: FGTS | C111: 0.08
B112: TOTAL | C112: =SUM(C104:C111) -> 0.398
B114: GPS - GUIA DA PREVIDÊNCIA SOCIAL
B115: Categoria | C115: Base de cálculo | D115: Percentual | E115: Valor
B116: Eletricista | C116: =H52+F92 -> 2948.7871 | D116: =SUM($C$104:$C$110) -> 0.318 | E116: =C116*D116 -> 937.7143
B117: Auxiliar | C117: =H53+F93 -> 1991.0804 | D117: =SUM($C$104:$C$110) -> 0.318 | E117: =C117*D117 -> 633.16355
B118: Motorista | C118: =H54+F94 -> 2268.29 | D118: =SUM($C$104:$C$110) -> 0.318 | E118: =C118*D118 -> 721.31622
B119: Motorista de caminhão Munck | C119: =H55+F95 -> 2948.792 | D119: =SUM($C$104:$C$110) -> 0.318 | E119: =C119*D119 -> 937.71586
B120: Eletrotécnico | C120: =ROUND(H56+F96,2) -> 5286.85 | D120: =SUM($C$104:$C$110) -> 0.318 | E120: =ROUND(C120*D120,2) -> 1681.22
B121: Coordenador | C121: =H57+F97 -> 5972.23 | D121: =SUM($C$104:$C$110) -> 0.318 | E121: =C121*D121 -> 1899.1691
B123: FGTS - FUNDO DE GARANTIA POR TEMPO DE SERVIÇO
B124: Categoria | C124: Base de cálculo | D124: Percentual | E124: Valor
...

Sheet PC- ELETRICISTA
A2: PLANILHA DE CUSTOS E FORMAÇÃO DE PREÇOS
A3: ELETRICISTA
A4: Com ajustes após publicação da Lei n° 13.467, de 2017.
A6: Módulo 1 - Composição da Remuneração
A8: 1 | B8: Composição da Remuneração | C8: Valor (R$)
A9: A | B9: Salário-Base | C9: 1899.04
A10: B | B10: Adicional de Periculosidade | C10: =ROUND(C9*0.3,2) -> 569.71
A11: C | B11: Adicional de Insalubridade | C11: 0
A12: D | B12: Adicional Noturno | C12: 0
A13: E | B13: Adicional de Hora Noturna Reduzida | C13: 0
A15: G | B15: Outros (especificar) | C15: 0
A16: Total | C16: =C9+C10 -> 2468.75
A19: Módulo 2 - Encargos e Benefícios Anuais, Mensais e Diários
A21: Submódulo 2.1 - 13º (décimo terceiro) Salário, Férias e Adicional de Férias
A23: 2.1 | B23: 13º (décimo terceiro) Salário, Férias e Adicional de Férias | C23: Valor (R$)
A24: A | B24: 13º (décimo terceiro) Salário | C24: 205.73
A25: B | B25: Férias e Adicional de Férias | C25: =205.73+68.58 -> 274.31
A26: Total | C26: =C24+C25 -> 480.04
A29: Submódulo 2.2 - Encargos Previdenciários (GPS), Fundo de Garantia por Tempo de Serviço (FGTS) e outras contribuições.
A31: 2.2 | B31: GPS, FGTS e outras contribuições | C31: Percentual (%) | D31: Valor (R$)
A32: A | B32: INSS | C32: 0.2 | D32: =C32*$C$16 -> 493.75
A33: B | B33: Salário Educação | C33: 0.025 | D33: =C33*$C$16 -> 61.71875
A34: C | B34: SAT | C34: 0.06 | D34: =C34*$C$16 -> 148.125
A35: D | B35: SESC ou SESI | C35: 0.015 | D35: =C35*$C$16 -> 37.03125
A36: E | B36: SENAI - SENAC | C36: 0.01 | D36: =C36*$C$16 -> 24.6875
A37: F | B37: SEBRAE | C37: 0.006 | D37: =C37*$C$16 -> 14.8125
A38: G | B38: INCRA | C38: 0.002 | D38: =C38*$C$16 -> 4.9375
A39: H | B39: FGTS | C39: 0.08 | D39: =C39*$C$16 -> 197.5
A40: Total | C40: =SUM(C32:C39) -> 0.398 | D40: =SUM(D32:D39) -> 982.5625
A43: Submódulo 2.3 - Benefícios Mensais e Diários.
A45: 2.3 | B45: Benefícios Mensais e Diários | C45: Valor (R$)
A46: A | B46: Transporte | C46: =ROUND('Custo por trabalhador'!E165,2) -> 57.66
A47: B | B47: Auxílio-Refeição/Alimentação | C47: ='Custo por trabalhador'!E194 -> 0
A48: C | B48: Benefício Auxílio Saúde | C48: =ROUND('Custo por trabalhador'!E205,2) -> 110.16
A49: D | B49: Outros (especificar)
A50: Total | C50: =SUM(C46:C49) -> 167.82
A53: Quadro-Resumo do Módulo 2 - Encargos e Benefícios anuais, mensais e diários
A55: 2 | B55: Encargos e Benefícios Anuais, Mensais e Diários | C55: Valor (R$)
A56: 2.1 | B56: 13º (décimo terceiro) Salário, Férias e Adicional de Férias | C56: =ROUND('Custo por trabalhador'!C236,2) -> 480.04
A57: 2.2 | B57: GPS, FGTS e outras contribuições | C57: =ROUND('Custo por trabalhador'!D236,2) -> 1173.62
A58: 2.3 | B58: Benefícios Mensais e Diários | C58: =ROUND('Custo por trabalhador'!E236,2) -> 167.82
A59: Total | C59: =SUM(C56:C58) -> 1821.48
A62: Módulo 3 - Provisão para Rescisão
A64: 3 | B64: Provisão para Rescisão | C64: Valor (R$)
A65: A | B65: Aviso Prévio Indenizado | C65: =(('Custo por trabalhador'!E260)-('Custo por trabalhador'!E125/12))*0.45 -> 116.87305
A66: B | B66: Incidência do FGTS sobre o Aviso Prévio Indenizado | C66: =ROUND(('Custo por trabalhador'!E125/12)*0.45,2) -> 8.85
A67: C | B67: Multa do FGTS e contribuição social sobre o Aviso Prévio Indenizado | C67: =ROUND(('Custo por trabalhador'!E269)*0.45,2) -> 53.08
A68: D | B68: Aviso Prévio Trabalhado | C68: =ROUND(('Custo por trabalhador'!H52/12)*0.55,2) -> 113.15
A69: E | B69: Incidência dos encargos do submódulo 2.2 sobre o Aviso Prévio Trabalhado | C69: =('Custo por trabalhador'!F236/12)*0.55 -> 83.4845
A70: F | B70: Multa do FGTS e contribuição social sobre o Aviso Prévio Trabalhado | C70: =('Custo por trabalhador'!E299)*0.55 -> 64.873316
A71: Total | C71: =C65+C67+C68+C70+C69+C66 -> 440.31087
A74: Módulo 4 - Custo de Reposição do Profissional Ausente
A77: Submódulo 4.1 - Ausências Legais
A79: 4.1 | B79: Ausências Legais | C79: Valor (R$)
A80: A | B80: Férias | C80: =ROUND('Custo por trabalhador'!F398,2) -> 853.74
A81: B | B81: Ausências Legais
A82: C | B82: Licença-Paternidade
A83: D | B83: Ausência por acidente de trabalho
A84: E | B84: Afastamento Maternidade
A85: F | B85: Outros (especificar)
A86: Total | C86: =C80 -> 853.74
A89: Submódulo 4.2 - Intrajornada
A91: 4.2 | B91: Intrajornada | C91: Valor (R$)
A92: A | B92: Intervalo para repouso e alimentação | C92: 0
A93: Total | C93: 0
A96: Quadro-Resumo do Módulo 4 - Custo de Reposição do Profissional Ausente
A98: 4 | B98: Custo de Reposição do Profissional Ausente | C98: Valor (R$)
A99: 4.1 | B99: Ausências Legais | C99: =C86 -> 853.74
A100: 4.2 | B100: Intrajornada | C100: 0
A101: Total | C101: =SUM(C99:C100) -> 853.74
A104: Módulo 5 - Insumos Diversos
A106: 5 | B106: Insumos Diversos | C106: Valor (R$)
A107: A | B107: Uniformes | C107: ='Custo por trabalhador'!D451 -> 101.09167
A108: B | B108: Materiais | C108: 0
A109: C | B109: Equipamentos | C109: ='Custo por trabalhador'!E474 -> 103.47833
A110: D | B110: Outros (especificar) | C110: 0
A111: Total | C111: =SUM(C107:C110) -> 204.57
A114: Módulo 6 - Custos Indiretos, Tributos e Lucro
A116: 6 | B116: Custos Indiretos, Tributos e Lucro | C116: Percentual (%) | D116: Valor (R$)
A117: A | B117: Custos Indiretos | C117: ='Custo por trabalhador'!C491 -> 0.03 | D117: =($C$16+$C$59+$C$71+$C$86+$C$111)*C117 -> 173.66553
A118: B | B118: Lucro | C118: ='Custo por trabalhador'!C493 -> 0.0679 | D118: =($C$16+$C$59+$C$71+$C$86+$C$111)*C118 -> 393.06297
A119: C | B119: Tributos | C119: ='Custo por trabalhador'!C492 -> 0.1425 | D119: =($C$16+$C$59+$C$71+$C$86+$C$111)*C119 -> 824.91125
B120: C.1. Tributos Federais (PIS = 1,65%, CONFINS = 7,6% ) | C120: =1.65%+7.6% -> 0.0925
B121: C.2. Tributos Estaduais (= 0%) | C121: 0
B122: C.3. Tributos Municipais (ISS = 5% ) | C122: 0.05
A123: Total | C123: ='Custo por trabalhador'!D497 -> 0.30445795 | D123: =($C$16+$C$59+$C$71+$C$86+$C$111)*C123 -> 1762.4617
A126: 2. QUADRO-RESUMO DO CUSTO POR EMPREGADO
B128: Mão de obra vinculada à execução contratual (valor por empregado) | C128: Valor (R$)
A129: A | B129: Módulo 1 - Composição da Remuneração | C129: =C16 -> 2468.75
A130: B | B130: Módulo 2 - Encargos e Benefícios Anuais, Mensais e Diários | C130: =C59 -> 1821.48
A131: C | B131: Módulo 3 - Provisão para Rescisão | C131: =C71 -> 440.31087
A132: D | B132: Módulo 4 - Custo de Reposição do Profissional Ausente | C132: =C86 -> 853.74
A133: E | B133: Módulo 5 - Insumos Diversos | C133: =C111 -> 204.57
A134: Subtotal (A + B +C+ D+E) | C134: =ROUND(SUM(C129:C133),2) -> 5788.85
A135: F | B135: Módulo 6 – Custos Indiretos, Tributos e Lucro | C135: =D123 -> 1762.4617
A136: Valor Total por Empregado | C136: =C134+C135 -> 7551.3117
D139: Mossoró, 13 de Outubro de 2022
A141: _____________________________________ Bruna Luana Fontes Rodrigues Diretora de Iluminação Pública CREA: 2117598560 Mat.: 50747-4

Sheet PC - Axiliar
A2: PLANILHA DE CUSTOS E FORMAÇÃO DE PREÇOS
A3: AUXILIAR DE ELETRICISTA
A4: Com ajustes após publicação da Lei n° 13.467, de 2017.
A6: Módulo 1 - Composição da Remuneração
A8: 1 | B8: Composição da Remuneração | C8: Valor (R$)
A9: A | B9: Salário-Base | C9: ='Custo por trabalhador'!C15 -> 1282.27
A10: B | B10: Adicional de Periculosidade | C10: =ROUND(C9*0.3,2) -> 384.68
A11: C | B11: Adicional de Insalubridade | C11: 0
A12: D | B12: Adicional Noturno | C12: 0
A13: E | B13: Adicional de Hora Noturna Reduzida | C13: 0
A15: G | B15: Outros (especificar) | C15: 0
A16: Total | C16: =C9+C10 -> 1666.95
A19: Módulo 2 - Encargos e Benefícios Anuais, Mensais e Diários
A21: Submódulo 2.1 - 13º (décimo terceiro) Salário, Férias e Adicional de Férias
A23: 2.1 | B23: 13º (décimo terceiro) Salário, Férias e Adicional de Férias | C23: Valor (R$)
A24: A | B24: 13º (décimo terceiro) Salário | C24: =ROUND('Custo por trabalhador'!E66,2) -> 138.91
A25: B | B25: Férias e Adicional de Férias | C25: =ROUND('Custo por trabalhador'!E75+'Custo por trabalhador'!F84,2) -> 185.22
A26: Total | C26: =C24+C25 -> 324.13
A29: Submódulo 2.2 - Encargos Previdenciários (GPS), Fundo de Garantia por Tempo de Serviço (FGTS) e outras contribuições.
A31: 2.2 | B31: GPS, FGTS e outras contribuições | C31: Percentual (%) | D31: Valor (R$)
A32: A | B32: INSS | C32: 0.2 | D32: =C32*($C$16+$C$26) -> 398.216
A33: B | B33: Salário Educação | C33: 0.025 | D33: =C33*($C$16+$C$26) -> 49.777
A34: C | B34: SAT | C34: 0.06 | D34: =C34*($C$16+$C$26) -> 119.4648
A35: D | B35: SESC ou SESI | C35: 0.015 | D35: =C35*($C$16+$C$26) -> 29.8662
A36: E | B36: SENAI - SENAC | C36: 0.01 | D36: =C36*($C$16+$C$26) -> 19.9108
A37: F | B37: SEBRAE | C37: 0.006 | D37: =C37*($C$16+$C$26) -> 11.94648
A38: G | B38: INCRA | C38: 0.002 | D38: =C38*($C$16+$C$26) -> 3.98216
A39: H | B39: FGTS | C39: 0.08 | D39: =C39*($C$16+$C$26) -> 159.2864
A40: Total | C40: =SUM(C32:C39) -> 0.398 | D40: =SUM(D32:D39) -> 792.44984
A43: Submódulo 2.3 - Benefícios Mensais e Diários.
A45: 2.3 | B45: Benefícios Mensais e Diários | C45: Valor (R$)
A46: A | B46: Transporte | C46: =ROUND('Custo por trabalhador'!E166,2) -> 94.66
A47: B | B47: Auxílio-Refeição/Alimentação | C47: ='Custo por trabalhador'!E195 -> 0
A48: C | B48: Benefício Auxílio Saúde | C48: =ROUND('Custo por trabalhador'!E206,2) -> 110.16
A49: D | B49: Outros (especificar)
A50: Total | C50: =SUM(C46:C49) -> 204.82
A53: Quadro-Resumo do Módulo 2 - Encargos e Benefícios anuais, mensais e diários
A55: 2 | B55: Encargos e Benefícios Anuais, Mensais e Diários | C55: Valor (R$)
A56: 2.1 | B56: 13º (décimo terceiro) Salário, Férias e Adicional de Férias | C56: =ROUND(C26,2) -> 324.13
A57: 2.2 | B57: GPS, FGTS e outras contribuições | C57: =ROUND(D40,2) -> 792.45
A58: 2.3 | B58: Benefícios Mensais e Diários | C58: =ROUND(C50,2) -> 204.82
A59: Total | C59: =SUM(C56:C58) -> 1321.4
A62: Módulo 3 - Provisão para Rescisão
A64: 3 | B64: Provisão para Rescisão | C64: Valor (R$)
A65: A | B65: Aviso Prévio Indenizado | C65: =(('Custo por trabalhador'!E261)-('Custo por trabalhador'!E126/12))*0.45 -> 82.346406
A66: B | B66: Incidência do FGTS sobre o Aviso Prévio Indenizado | C66: =('Custo por trabalhador'!E126/12)*0.45 -> 5.9732411
A67: C | B67: Multa do FGTS e contribuição social sobre o Aviso Prévio Indenizado | C67: =('Custo por trabalhador'!E270)*0.45 -> 35.839447
A68: D | B68: Aviso Prévio Trabalhado | C68: =('Custo por trabalhador'!H53/12)*0.55 -> 76.401921
A69: E | B69: Incidência dos encargos do submódulo 2.2 sobre o Aviso Prévio Trabalhado | C69: =('Custo por trabalhador'!F237/12)*0.55 -> 60.564311
A70: F | B70: Multa do FGTS e contribuição social sobre o Aviso Prévio Trabalhado | C70: =('Custo por trabalhador'!E300)*0.55 -> 43.803768
A71: Total | C71: =C65+C67+C68+C70+C66+C69 -> 304.92909
A74: Módulo 4 - Custo de Reposição do Profissional Ausente
A77: Submódulo 4.1 - Ausências Legais
A79: 4.1 | B79: Ausências Legais | C79: Valor (R$)
A80: A | B80: Férias | C80: =ROUND('Custo por trabalhador'!F399,2) -> 594.35
A81: B | B81: Ausências Legais
A82: C | B82: Licença-Paternidade
A83: D | B83: Ausência por acidente de trabalho
A84: E | B84: Afastamento Maternidade
A85: F | B85: Outros (especificar)
A86: Total | C86: =C80 -> 594.35
A89: Submódulo 4.2 - Intrajornada
A91: 4.2 | B91: Intrajornada | C91: Valor (R$)
A92: A | B92: Intervalo para repouso e alimentação | C92: ='Custo por trabalhador'!E420 -> 0
A93: Total | C93: 0
A96: Quadro-Resumo do Módulo 4 - Custo de Reposição do Profissional Ausente
A98: 4 | B98: Custo de Reposição do Profissional Ausente | C98: Valor (R$)
A99: 4.1 | B99: Ausências Legais | C99: =C86 -> 594.35
A100: 4.2 | B100: Intrajornada | C100: =C93 -> 0
A101: Total | C101: =SUM(C99:C100) -> 594.35
A104: Módulo 5 - Insumos Diversos
A106: 5 | B106: Insumos Diversos | C106: Valor (R$)
A107: A | B107: Uniformes | C107: ='Custo por trabalhador'!D452 -> 101.09167
A108: B | B108: Materiais | C108: 0
A109: C | B109: Equipamentos | C109: ='Custo por trabalhador'!E475 -> 68.385
A110: D | B110: Outros (especificar) | C110: 0
A111: Total | C111: =SUM(C107:C110) -> 169.47667
A114: Módulo 6 - Custos Indiretos, Tributos e Lucro
A116: 6 | B116: Custos Indiretos, Tributos e Lucro | C116: Percentual (%) | D116: Valor (R$)
A117: A | B117: Custos Indiretos | C117: ='Custo por trabalhador'!C491 -> 0.03 | D117: =($C$16+$C$59+$C$71+$C$101+$C$111)*C117 -> 121.71317
A118: B | B118: Lucro | C118: ='Custo por trabalhador'!C493 -> 0.0679 | D118: =($C$16+$C$59+$C$71+$C$86+$C$111)*C118 -> 275.47748
A119: C | B119: Tributos | C119: ='Custo por trabalhador'!C492 -> 0.1425 | D119: =($C$16+$C$59+$C$71+$C$86+$C$111)*C119 -> 578.13757
B120: C.1. Tributos Federais (PIS = 1,65%, CONFINS = 7,6% ) | C120: =1.65%+7.6% -> 0.0925
B121: C.2. Tributos Estaduais (= 0%) | C121: 0
B122: C.3. Tributos Municipais (ISS = 5% ) | C122: 0.05
A123: Total | C123: ='Custo por trabalhador'!D497 -> 0.30445795 | D123: =($C$16+$C$59+$C$71+$C$86+$C$111)*C123 -> 1235.2181
A126: 2. QUADRO-RESUMO DO CUSTO POR EMPREGADO
B128: Mão de obra vinculada à execução contratual (valor por empregado) | C128: Valor (R$)
A129: A | B129: Módulo 1 - Composição da Remuneração | C129: =C16 -> 1666.95
A130: B | B130: Módulo 2 - Encargos e Benefícios Anuais, Mensais e Diários | C130: =C59 -> 1321.4
A131: C | B131: Módulo 3 - Provisão para Rescisão | C131: =C71 -> 304.92909
A132: D | B132: Módulo 4 - Custo de Reposição do Profissional Ausente | C132: =C86 -> 594.35
A133: E | B133: Módulo 5 - Insumos Diversos | C133: =C111 -> 169.47667
A134: Subtotal (A + B +C+ D+E) | C134: =ROUND(SUM(C129:C133),2) -> 4057.11
A135: F | B135: Módulo 6 – Custos Indiretos, Tributos e Lucro | C135: =D123 -> 1235.2181
A136: Valor Total por Empregado | C136: =C134+C135 -> 5292.3281
D139: Mossoró, 13 de Outubro de 2022
A141: _____________________________________ Bruna Luana Fontes Rodrigues Diretora de Iluminação Pública CREA: 2117598560 Mat.: 50747-4

Sheet PC - MOTORISTA
A2: PLANILHA DE CUSTOS E FORMAÇÃO DE PREÇOS
A3: MOTORISTA
A4: Com ajustes após publicação da Lei n° 13.467, de 2017.
B6: MOTORISTA
A7: Módulo 1 - Composição da Remuneração
A9: 1 | B9: Composição da Remuneração | C9: Valor (R$)
A10: A | B10: Salário-Base | C10: ='Custo por trabalhador'!C16 -> 1899.04
A11: B | B11: Adicional de Periculosidade | C11: 0
A12: C | B12: Adicional de Insalubridade | C12: 0
A13: D | B13: Adicional Noturno | C13: 0
A14: E | B14: Adicional de Hora Noturna Reduzida | C14: 0
A16: G | B16: Outros (especificar) | C16: 0
A17: Total | C17: =C10+C11 -> 1899.04
A20: Módulo 2 - Encargos e Benefícios Anuais, Mensais e Diários
A22: Submódulo 2.1 - 13º (décimo terceiro) Salário, Férias e Adicional de Férias
A24: 2.1 | B24: 13º (décimo terceiro) Salário, Férias e Adicional de Férias | C24: Valor (R$)
A25: A | B25: 13º (décimo terceiro) Salário | C25: =ROUND('Custo por trabalhador'!E67,2) -> 158.25
A26: B | B26: Férias e Adicional de Férias | C26: =ROUND('Custo por trabalhador'!E76+'Custo por trabalhador'!F85,2) -> 211
A27: Total | C27: =C25+C26 -> 369.25
A30: Submódulo 2.2 - Encargos Previdenciários (GPS), Fundo de Garantia por Tempo de Serviço (FGTS) e outras contribuições.
A32: 2.2 | B32: GPS, FGTS e outras contribuições | C32: Percentual (%) | D32: Valor (R$)
A33: A | B33: INSS | C33: 0.2 | D33: =C33*($C$17+$C$27) -> 453.658
A34: B | B34: Salário Educação | C34: 0.025 | D34: =C34*($C$17+$C$27) -> 56.70725
A35: C | B35: SAT | C35: 0.06 | D35: =C35*($C$17+$C$27) -> 136.0974
A36: D | B36: SESC ou SESI | C36: 0.015 | D36: =C36*($C$17+$C$27) -> 34.02435
A37: E | B37: SENAI - SENAC | C37: 0.01 | D37: =C37*($C$17+$C$27) -> 22.6829
A38: F | B38: SEBRAE | C38: 0.006 | D38: =C38*($C$17+$C$27) -> 13.60974
A39: G | B39: INCRA | C39: 0.002 | D39: =C39*($C$17+$C$27) -> 4.53658
A40: H | B40: FGTS | C40: 0.08 | D40: =C40*($C$17+$C$27) -> 181.4632
A41: Total | C41: =SUM(C33:C40) -> 0.398 | D41: =ROUND(SUM(D33:D40),2) -> 902.78
A44: Submódulo 2.3 - Benefícios Mensais e Diários.
A46: 2.3 | B46: Benefícios Mensais e Diários | C46: Valor (R$)
A47: A | B47: Transporte | C47: =ROUND('Custo por trabalhador'!E167,2) -> 57.66
A48: B | B48: Auxílio-Refeição/Alimentação | C48: ='Custo por trabalhador'!E196 -> 0
A49: C | B49: Benefício Auxílio Saúde | C49: =ROUND('Custo por trabalhador'!E207,2) -> 110.16
A50: D | B50: Outros (especificar)
A51: Total | C51: =ROUND(SUM(C47:C50),2) -> 167.82
A54: Quadro-Resumo do Módulo 2 - Encargos e Benefícios anuais, mensais e diários
A56: 2 | B56: Encargos e Benefícios Anuais, Mensais e Diários | C56: Valor (R$)
A57: 2.1 | B57: 13º (décimo terceiro) Salário, Férias e Adicional de Férias | C57: =ROUND(C27,2) -> 369.25
A58: 2.2 | B58: GPS, FGTS e outras contribuições | C58: =ROUND(D41,2) -> 902.78
A59: 2.3 | B59: Benefícios Mensais e Diários | C59: =ROUND(C51,2) -> 167.82
A60: Total | C60: =SUM(C57:C59) -> 1439.85
A63: Módulo 3 - Provisão para Rescisão
A65: 3 | B65: Provisão para Rescisão | C65: Valor (R$)
A66: A | B66: Aviso Prévio Indenizado | C66: =(('Custo por trabalhador'!E262)-('Custo por trabalhador'!E127/12))*0.45 -> 91.354035
A67: B | B67: Incidência do FGTS sobre o Aviso Prévio Indenizado | C67: =('Custo por trabalhador'!E127/12)*0.45 -> 6.80487
A68: C | B68: Multa do FGTS e contribuição social sobre o Aviso Prévio Indenizado | C68: =('Custo por trabalhador'!E271)*0.45 -> 40.82922
A69: D | B69: Aviso Prévio Trabalhado | C69: =('Custo por trabalhador'!H54/12)*0.55 -> 87.039333
A70: E | B70: Incidência dos encargos do submódulo 2.2 sobre o Aviso Prévio Trabalhado | C70: =('Custo por trabalhador'!F238/12)*0.55 -> 65.992988
A71: F | B71: Multa do FGTS e contribuição social sobre o Aviso Prévio Trabalhado | C71: =('Custo por trabalhador'!E301)*0.55 -> 49.90238
A72: Total | C72: =C66+C68+C69+C71+C67+C70 -> 341.92283
A75: Módulo 4 - Custo de Reposição do Profissional Ausente
A78: Submódulo 4.1 - Ausências Legais
A80: 4.1 | B80: Ausências Legais | C80: Valor (R$)
A81: A | B81: Férias | C81: =ROUND('Custo por trabalhador'!F400,2) -> 664.29
A82: B | B82: Ausências Legais
A83: C | B83: Licença-Paternidade
A84: D | B84: Ausência por acidente de trabalho
A85: E | B85: Afastamento Maternidade
A86: F | B86: Outros (especificar)
A87: Total | C87: =C81 -> 664.29
A90: Submódulo 4.2 - Intrajornada
A92: 4.2 | B92: Intrajornada | C92: Valor (R$)
A93: A | B93: Intervalo para repouso e alimentação | C93: ='Custo por trabalhador'!E421 -> 0
A94: Total | C94: 0
A97: Quadro-Resumo do Módulo 4 - Custo de Reposição do Profissional Ausente
A99: 4 | B99: Custo de Reposição do Profissional Ausente | C99: Valor (R$)
A100: 4.1 | B100: Ausências Legais | C100: =C87 -> 664.29
A101: 4.2 | B101: Intrajornada | C101: =C94 -> 0
A102: Total | C102: =SUM(C100:C101) -> 664.29
A105: Módulo 5 - Insumos Diversos
A107: 5 | B107: Insumos Diversos | C107: Valor (R$)
A108: A | B108: Uniformes | C108: ='Custo por trabalhador'!D453 -> 88.76
A109: B | B109: Materiais | C109: 0
A110: C | B110: Equipamentos | C110: ='Custo por trabalhador'!E476 -> 0
A111: D | B111: Outros (especificar) | C111: 0
A112: Total | C112: =SUM(C108:C111) -> 88.76
A115: Módulo 6 - Custos Indiretos, Tributos e Lucro
A117: 6 | B117: Custos Indiretos, Tributos e Lucro | C117: Percentual (%) | D117: Valor (R$)
A118: A | B118: Custos Indiretos | C118: ='Custo por trabalhador'!C491 -> 0.03 | D118: =($C$17+$C$60+$C$72+$C$102+$C$112)*C118 -> 133.01588
A119: B | B119: Lucro | C119: ='Custo por trabalhador'!C493 -> 0.0679 | D119: =($C$17+$C$60+$C$72+$C$87+$C$112)*C119 -> 301.05929
A120: C | B120: Tributos | C120: ='Custo por trabalhador'!C492 -> 0.1425 | D120: =($C$17+$C$60+$C$72+$C$87+$C$112)*C120 -> 631.82545
B121: C.1. Tributos Federais (PIS = 1,65%, CONFINS = 7,6% ) | C121: =1.65%+7.6% -> 0.0925
B122: C.2. Tributos Estaduais (= 0%) | C122: 0
B123: C.3. Tributos Municipais (ISS = 5% ) | C123: 0.05
A124: Total | C124: ='Custo por trabalhador'!D497 -> 0.30445795 | D124: =($C$17+$C$60+$C$72+$C$87+$C$112)*C124 -> 1349.9248
A127: 2. QUADRO-RESUMO DO CUSTO POR EMPREGADO
B129: Mão de obra vinculada à execução contratual (valor por empregado) | C129: Valor (R$)
A130: A | B130: Módulo 1 - Composição da Remuneração | C130: =C17 -> 1899.04
A131: B | B131: Módulo 2 - Encargos e Benefícios Anuais, Mensais e Diários | C131: =C60 -> 1439.85
A132: C | B132: Módulo 3 - Provisão para Rescisão | C132: =C72 -> 341.92283
A133: D | B133: Módulo 4 - Custo de Reposição do Profissional Ausente | C133: =C87 -> 664.29
A134: E | B134: Módulo 5 - Insumos Diversos | C134: =C112 -> 88.76
A135: Subtotal (A + B +C+ D+E) | C135: =ROUND(SUM(C130:C134),2) -> 4433.86
A136: F | B136: Módulo 6 – Custos Indiretos, Tributos e Lucro | C136: =D124 -> 1349.9248
A137: Valor Total por Empregado | C137: =C135+C136 -> 5783.7848
D140: Mossoró, 13 de Outubro de 2022
A141: _____________________________________ Bruna Luana Fontes Rodrigues Diretora de Iluminação Pública CREA: 2117598560 Mat.: 50747-4

Sheet PC - MOTORISTA CM
A2: PLANILHA DE CUSTOS E FORMAÇÃO DE PREÇOS
A3: MOTORISTA CAMINHÃO MUNCK
A4: Com ajustes após publicação da Lei n° 13.467, de 2017.
B6: MOTORISTA CAMINHÃO MUNCK
A7: Módulo 1 - Composição da Remuneração
A9: 1 | B9: Composição da Remuneração | C9: Valor (R$)
A10: A | B10: Salário-Base | C10: ='Custo por trabalhador'!C17 -> 1899.04
A11: B | B11: Adicional de Periculosidade | C11: =C10*30% -> 569.712
A12: C | B12: Adicional de Insalubridade | C12: 0
A13: D | B13: Adicional Noturno | C13: 0
A14: E | B14: Adicional de Hora Noturna Reduzida | C14: 0
A16: G | B16: Outros (especificar) | C16: 0
A17: Total | C17: =C10+C11 -> 2468.752
A20: Módulo 2 - Encargos e Benefícios Anuais, Mensais e Diários
A22: Submódulo 2.1 - 13º (décimo terceiro) Salário, Férias e Adicional de Férias
A24: 2.1 | B24: 13º (décimo terceiro) Salário, Férias e Adicional de Férias | C24: Valor (R$)
A25: A | B25: 13º (décimo terceiro) Salário | C25: =ROUND('Custo por trabalhador'!E68,2) -> 205.73
A26: B | B26: Férias e Adicional de Férias | C26: =ROUND('Custo por trabalhador'!E77+'Custo por trabalhador'!F86,2) -> 274.31
A27: Total | C27: =C25+C26 -> 480.04
A30: Submódulo 2.2 - Encargos Previdenciários (GPS), Fundo de Garantia por Tempo de Serviço (FGTS) e outras contribuições.
A32: 2.2 | B32: GPS, FGTS e outras contribuições | C32: Percentual (%) | D32: Valor (R$)
A33: A | B33: INSS | C33: 0.2 | D33: =C33*($C$17+$C$27) -> 589.7584
A34: B | B34: Salário Educação | C34: 0.025 | D34: =C34*($C$17+$C$27) -> 73.7198
A35: C | B35: SAT | C35: 0.06 | D35: =C35*($C$17+$C$27) -> 176.92752
A36: D | B36: SESC ou SESI | C36: 0.015 | D36: =C36*($C$17+$C$27) -> 44.23188
A37: E | B37: SENAI - SENAC | C37: 0.01 | D37: =C37*($C$17+$C$27) -> 29.48792
A38: F | B38: SEBRAE | C38: 0.006 | D38: =C38*($C$17+$C$27) -> 17.692752
A39: G | B39: INCRA | C39: 0.002 | D39: =C39*($C$17+$C$27) -> 5.897584
A40: H | B40: FGTS | C40: 0.08 | D40: =C40*($C$17+$C$27) -> 235.90336
A41: Total | C41: =SUM(C33:C40) -> 0.398 | D41: =ROUND(SUM(D33:D40),2) -> 1173.62
A44: Submódulo 2.3 - Benefícios Mensais e Diários.
A46: 2.3 | B46: Benefícios Mensais e Diários | C46: Valor (R$)
A47: A | B47: Transporte | C47: =ROUND('Custo por trabalhador'!E168,2) -> 57.66
A48: B | B48: Auxílio-Refeição/Alimentação | C48: ='Custo por trabalhador'!E196 -> 0
A49: C | B49: Benefício Auxílio Saúde | C49: =ROUND('Custo por trabalhador'!E208,2) -> 110.16
A50: D | B50: Outros (especificar)
A51: Total | C51: =ROUND(SUM(C47:C50),2) -> 167.82
A54: Quadro-Resumo do Módulo 2 - Encargos e Benefícios anuais, mensais e diários
A56: 2 | B56: Encargos e Benefícios Anuais, Mensais e Diários | C56: Valor (R$)
A57: 2.1 | B57: 13º (décimo terceiro) Salário, Férias e Adicional de Férias | C57: =ROUND(C27,2) -> 480.04
A58: 2.2 | B58: GPS, FGTS e outras contribuições | C58: =ROUND(D41,2) -> 1173.62
A59: 2.3 | B59: Benefícios Mensais e Diários | C59: =ROUND(C51,2) -> 167.82
A60: Total | C60: =SUM(C57:C59) -> 1821.48
A63: Módulo 3 - Provisão para Rescisão
A65: 3 | B65: Provisão para Rescisão | C65: Valor (R$)
A66: A | B66: Aviso Prévio Indenizado | C66: =(('Custo por trabalhador'!E263)-('Custo por trabalhador'!E128/12))*0.45 -> 116.87286
A67: B | B67: Incidência do FGTS sobre o Aviso Prévio Indenizado | C67: =('Custo por trabalhador'!E128/12)*0.45 -> 8.846376
A68: C | B68: Multa do FGTS e contribuição social sobre o Aviso Prévio Indenizado | C68: =('Custo por trabalhador'!E272)*0.45 -> 53.078256
A69: D | B69: Aviso Prévio Trabalhado | C69: =('Custo por trabalhador'!H55/12)*0.55 -> 113.15113
A70: E | B70: Incidência dos encargos do submódulo 2.2 sobre o Aviso Prévio Trabalhado | C70: =('Custo por trabalhador'!F239/12)*0.55 -> 83.484354
A71: F | B71: Multa do FGTS e contribuição social sobre o Aviso Prévio Trabalhado | C71: =('Custo por trabalhador'!E302)*0.55 -> 64.873424
A72: Total | C72: =C66+C68+C69+C71+C67+C70 -> 440.3064
A75: Módulo 4 - Custo de Reposição do Profissional Ausente
A78: Submódulo 4.1 - Ausências Legais
A80: 4.1 | B80: Ausências Legais | C80: Valor (R$)
A81: A | B81: Férias | C81: =ROUND('Custo por trabalhador'!F401,2) -> 853.74
A82: B | B82: Ausências Legais
A83: C | B83: Licença-Paternidade
A84: D | B84: Ausência por acidente de trabalho
A85: E | B85: Afastamento Maternidade
A86: F | B86: Outros (especificar)
A87: Total | C87: =C81 -> 853.74
A90: Submódulo 4.2 - Intrajornada
A92: 4.2 | B92: Intrajornada | C92: Valor (R$)
A93: A | B93: Intervalo para repouso e alimentação | C93: ='Custo por trabalhador'!E422 -> 0
A94: Total | C94: 0
A97: Quadro-Resumo do Módulo 4 - Custo de Reposição do Profissional Ausente
A99: 4 | B99: Custo de Reposição do Profissional Ausente | C99: Valor (R$)
A100: 4.1 | B100: Ausências Legais | C100: =C87 -> 853.74
A101: 4.2 | B101: Intrajornada | C101: =C94 -> 0
A102: Total | C102: =SUM(C100:C101) -> 853.74
A105: Módulo 5 - Insumos Diversos
A107: 5 | B107: Insumos Diversos | C107: Valor (R$)
A108: A | B108: Uniformes | C108: ='Custo por trabalhador'!D453 -> 88.76
A109: B | B109: Materiais | C109: 0
A110: C | B110: Equipamentos | C110: ='Custo por trabalhador'!E477 -> 0
A111: D | B111: Outros (especificar) | C111: 0
A112: Total | C112: =SUM(C108:C111) -> 88.76
A115: Módulo 6 - Custos Indiretos, Tributos e Lucro
A117: 6 | B117: Custos Indiretos, Tributos e Lucro | C117: Percentual (%) | D117: Valor (R$)
A118: A | B118: Custos Indiretos | C118: ='Custo por trabalhador'!C491 -> 0.03 | D118: =($C$17+$C$60+$C$72+$C$102+$C$112)*C118 -> 170.19115
A119: B | B119: Lucro | C119: ='Custo por trabalhador'!C493 -> 0.0679 | D119: =($C$17+$C$60+$C$72+$C$87+$C$112)*C119 -> 385.19931
A120: C | B120: Tributos | C120: ='Custo por trabalhador'!C492 -> 0.1425 | D120: =($C$17+$C$60+$C$72+$C$87+$C$112)*C120 -> 808.40797
B121: C.1. Tributos Federais (PIS = 1,65%, CONFINS = 7,6% ) | C121: =1.65%+7.6% -> 0.0925
B122: C.2. Tributos Estaduais (= 0%) | C122: 0
B123: C.3. Tributos Municipais (ISS = 5% ) | C123: 0.05
A124: Total | C124: ='Custo por trabalhador'!D497 -> 0.30445795 | D124: =ROUND(($C$17+$C$60+$C$72+$C$87+$C$112)*C124,2) -> 1727.2
A127: 2. QUADRO-RESUMO DO CUSTO POR EMPREGADO
B129: Mão de obra vinculada à execução contratual (valor por empregado) | C129: Valor (R$)
A130: A | B130: Módulo 1 - Composição da Remuneração | C130: =ROUND(C17,2) -> 2468.75
A131: B | B131: Módulo 2 - Encargos e Benefícios Anuais, Mensais e Diários | C131: =ROUND(C60,2) -> 1821.48
A132: C | B132: Módulo 3 - Provisão para Rescisão | C132: =ROUND(C72,2) -> 440.31
A133: D | B133: Módulo 4 - Custo de Reposição do Profissional Ausente | C133: =ROUND(C102,2) -> 853.74
A134: E | B134: Módulo 5 - Insumos Diversos | C134: =ROUND(C112,2) -> 88.76
A135: Subtotal (A + B +C+ D+E) | C135: =ROUND(SUM(C130:C134),2) -> 5673.04
A136: F | B136: Módulo 6 – Custos Indiretos, Tributos e Lucro | C136: =ROUND(D124,2) -> 1727.2
A137: Valor Total por Empregado | C137: =C135+C136 -> 7400.24
D140: Mossoró, 13 de Outubro de 2022
A141: _____________________________________ Bruna Luana Fontes Rodrigues Diretora de Iluminação Pública CREA: 2117598560 Mat.: 50747-4

Sheet PC - ELETROTÉCNICO
A2: PLANILHA DE CUSTOS E FORMAÇÃO DE PREÇOS
A3: ELETROTÉCNICO
A4: Com ajustes após publicação da Lei n° 13.467, de 2017.
B6: ELETROTÉCNICO
A7: Módulo 1 - Composição da Remuneração
A9: 1 | B9: Composição da Remuneração | C9: Valor (R$)
A10: A | B10: Salário-Base | C10: ='Custo por trabalhador'!C18 -> 3404.77
A11: B | B11: Adicional de Periculosidade | C11: =C10*0.3 -> 1021.431
A12: C | B12: Adicional de Insalubridade | C12: 0
A13: D | B13: Adicional Noturno | C13: 0
A14: E | B14: Adicional de Hora Noturna Reduzida | C14: 0
A16: G | B16: Outros (especificar) | C16: 0
A17: Total | C17: =ROUND(C10+C11,2) -> 4426.2
A20: Módulo 2 - Encargos e Benefícios Anuais, Mensais e Diários
A22: Submódulo 2.1 - 13º (décimo terceiro) Salário, Férias e Adicional de Férias
A24: 2.1 | B24: 13º (décimo terceiro) Salário, Férias e Adicional de Férias | C24: Valor (R$)
A25: A | B25: 13º (décimo terceiro) Salário | C25: =ROUND('Custo por trabalhador'!E69,2) -> 368.85
A26: B | B26: Férias e Adicional de Férias | C26: =ROUND('Custo por trabalhador'!E78+'Custo por trabalhador'!F87,2) -> 491.8
A27: Total | C27: =C25+C26 -> 860.65
A30: Submódulo 2.2 - Encargos Previdenciários (GPS), Fundo de Garantia por Tempo de Serviço (FGTS) e outras contribuições.
A32: 2.2 | B32: GPS, FGTS e outras contribuições | C32: Percentual (%) | D32: Valor (R$)
A33: A | B33: INSS | C33: 0.2 | D33: =C33*($C$17+$C$27) -> 1057.37
A34: B | B34: Salário Educação | C34: 0.025 | D34: =C34*($C$17+$C$27) -> 132.17125
A35: C | B35: SAT | C35: 0.06 | D35: =C35*($C$17+$C$27) -> 317.211
A36: D | B36: SESC ou SESI | C36: 0.015 | D36: =C36*($C$17+$C$27) -> 79.30275
A37: E | B37: SENAI - SENAC | C37: 0.01 | D37: =C37*($C$17+$C$27) -> 52.8685
A38: F | B38: SEBRAE | C38: 0.006 | D38: =C38*($C$17+$C$27) -> 31.7211
A39: G | B39: INCRA | C39: 0.002 | D39: =C39*($C$17+$C$27) -> 10.5737
A40: H | B40: FGTS | C40: 0.08 | D40: =C40*($C$17+$C$27) -> 422.948
A41: Total | C41: =SUM(C33:C40) -> 0.398 | D41: =ROUND(SUM(D33:D40),2) -> 2104.17
A44: Submódulo 2.3 - Benefícios Mensais e Diários.
A46: 2.3 | B46: Benefícios Mensais e Diários | C46: Valor (R$)
A47: A | B47: Transporte | C47: =ROUND('Custo por trabalhador'!E169,2) -> 0
A48: B | B48: Auxílio-Refeição/Alimentação | C48: ='Custo por trabalhador'!E198 -> 0
A49: C | B49: Benefício Auxílio Saúde | C49: =ROUND('Custo por trabalhador'!E209,2) -> 110.16
A50: D | B50: Outros (especificar)
A51: Total | C51: =ROUND(SUM(C47:C50),2) -> 110.16
A54: Quadro-Resumo do Módulo 2 - Encargos e Benefícios anuais, mensais e diários
A56: 2 | B56: Encargos e Benefícios Anuais, Mensais e Diários | C56: Valor (R$)
A57: 2.1 | B57: 13º (décimo terceiro) Salário, Férias e Adicional de Férias | C57: =ROUND(C27,2) -> 860.65
A58: 2.2 | B58: GPS, FGTS e outras contribuições | C58: =ROUND(D41,2) -> 2104.17
A59: 2.3 | B59: Benefícios Mensais e Diários | C59: =ROUND(C51,2) -> 110.16
A60: Total | C60: =SUM(C57:C59) -> 3074.98
A63: Módulo 3 - Provisão para Rescisão
A65: 3 | B65: Provisão para Rescisão | C65: Valor (R$)
A66: A | B66: Aviso Prévio Indenizado | C66: =(('Custo por trabalhador'!E264)-('Custo por trabalhador'!E129/12))*0.45 -> 202.38938
A67: B | B67: Incidência do FGTS sobre o Aviso Prévio Indenizado | C67: =ROUND(('Custo por trabalhador'!E129/12)*0.45,2) -> 15.86
A68: C | B68: Multa do FGTS e contribuição social sobre o Aviso Prévio Indenizado | C68: =ROUND(('Custo por trabalhador'!E273)*0.45,2) -> 95.17
A69: D | B69: Aviso Prévio Trabalhado | C69: =('Custo por trabalhador'!H56/12)*0.55 -> 202.8675
A70: E | B70: Incidência dos encargos do submódulo 2.2 sobre o Aviso Prévio Trabalhado | C70: =('Custo por trabalhador'!F240/12)*0.55 -> 140.93658
A71: F | B71: Multa do FGTS e contribuição social sobre o Aviso Prévio Trabalhado | C71: =('Custo por trabalhador'!E303)*0.55 -> 116.314
A72: Total | C72: =ROUND(C66+C68+C69+C71+C67+F64+C70,2) -> 773.54
A75: Módulo 4 - Custo de Reposição do Profissional Ausente
A78: Submódulo 4.1 - Ausências Legais
A80: 4.1 | B80: Ausências Legais | C80: Valor (R$)
A81: A | B81: Férias | C81: =ROUND('Custo por trabalhador'!F402,2) -> 1493.37
A82: B | B82: Ausências Legais
A83: C | B83: Licença-Paternidade
A84: D | B84: Ausência por acidente de trabalho
A85: E | B85: Afastamento Maternidade
A86: F | B86: Outros (especificar)
A87: Total | C87: =C81 -> 1493.37
A90: Submódulo 4.2 - Intrajornada
A92: 4.2 | B92: Intrajornada | C92: Valor (R$)
A93: A | B93: Intervalo para repouso e alimentação | C93: ='Custo por trabalhador'!E423 -> 0
A94: Total | C94: 0
A97: Quadro-Resumo do Módulo 4 - Custo de Reposição do Profissional Ausente
A99: 4 | B99: Custo de Reposição do Profissional Ausente | C99: Valor (R$)
A100: 4.1 | B100: Ausências Legais | C100: =C87 -> 1493.37
A101: 4.2 | B101: Intrajornada | C101: =C94 -> 0
A102: Total | C102: =SUM(C100:C101) -> 1493.37
A105: Módulo 5 - Insumos Diversos
A107: 5 | B107: Insumos Diversos | C107: Valor (R$)
A108: A | B108: Uniformes | C108: ='Custo por trabalhador'!D455 -> 93.628333
A109: B | B109: Materiais | C109: 0
A110: C | B110: Equipamentos | C110: ='Custo por trabalhador'!E478 -> 68.108333
A111: D | B111: Outros (especificar) | C111: 0
A112: Total | C112: =SUM(C108:C111) -> 161.73667
A115: Módulo 6 - Custos Indiretos, Tributos e Lucro
A117: 6 | B117: Custos Indiretos, Tributos e Lucro | C117: Percentual (%) | D117: Valor (R$)
A118: A | B118: Custos Indiretos | C118: ='Custo por trabalhador'!C491 -> 0.03 | D118: =($C$17+$C$60+$C$72+$C$102+$C$112)*C118 -> 297.8948
A119: B | B119: Lucro | C119: ='Custo por trabalhador'!C493 -> 0.0679 | D119: =($C$17+$C$60+$C$72+$C$87+$C$112)*C119 -> 674.23523
A120: C | B120: Tributos | C120: ='Custo por trabalhador'!C492 -> 0.1425 | D120: =($C$17+$C$60+$C$72+$C$87+$C$112)*C120 -> 1415.0003
B121: C.1. Tributos Federais (PIS = 1,65%, CONFINS = 7,6% ) | C121: =1.65%+7.6% -> 0.0925
B122: C.2. Tributos Estaduais (= 0%) | C122: 0
B123: C.3. Tributos Municipais (ISS = 5% ) | C123: 0.05
A124: Total | C124: ='Custo por trabalhador'!D497 -> 0.30445795 | D124: =($C$17+$C$60+$C$72+$C$87+$C$112)*C124 -> 3023.2147
A127: 2. QUADRO-RESUMO DO CUSTO POR EMPREGADO
B129: Mão de obra vinculada à execução contratual (valor por empregado) | C129: Valor (R$)
A130: A | B130: Módulo 1 - Composição da Remuneração | C130: =C17 -> 4426.2
A131: B | B131: Módulo 2 - Encargos e Benefícios Anuais, Mensais e Diários | C131: =C60 -> 3074.98
A132: C | B132: Módulo 3 - Provisão para Rescisão | C132: =C72 -> 773.54
A133: D | B133: Módulo 4 - Custo de Reposição do Profissional Ausente | C133: =C87 -> 1493.37
A134: E | B134: Módulo 5 - Insumos Diversos | C134: =C112 -> 161.73667
A135: Subtotal (A + B +C+ D+E) | C135: =ROUND(SUM(C130:C134),2) -> 9929.83
A136: F | B136: Módulo 6 – Custos Indiretos, Tributos e Lucro | C136: =D124 -> 3023.2147
A137: Valor Total por Empregado | C137: =C135+C136 -> 12953.045
D140: Mossoró, 13 de Outubro de 2022
A141: _____________________________________ Bruna Luana Fontes Rodrigues Diretora de Iluminação Pública CREA: 2117598560 Mat.: 50747-4

Sheet PC - COORDENADOR
A2: PLANILHA DE CUSTOS E FORMAÇÃO DE PREÇOS
A3: COORDENADOR
A4: Com ajustes após publicação da Lei n° 13.467, de 2017.
B6: COORDENADOR
A7: Módulo 1 - Composição da Remuneração
A9: 1 | B9: Composição da Remuneração | C9: Valor (R$)
A10: A | B10: Salário-Base | C10: 5000
A11: B | B11: Adicional de Periculosidade | C11: 0
A12: C | B12: Adicional de Insalubridade | C12: 0
A13: D | B13: Adicional Noturno | C13: 0
A14: E | B14: Adicional de Hora Noturna Reduzida | C14: 0
A16: G | B16: Outros (especificar) | C16: 0
A17: Total | C17: =ROUND(C10+C11,2) -> 5000
A20: Módulo 2 - Encargos e Benefícios Anuais, Mensais e Diários
A22: Submódulo 2.1 - 13º (décimo terceiro) Salário, Férias e Adicional de Férias
A24: 2.1 | B24: 13º (décimo terceiro) Salário, Férias e Adicional de Férias | C24: Valor (R$)
A25: A | B25: 13º (décimo terceiro) Salário | C25: =ROUND('Custo por trabalhador'!E70,2) -> 416.67
A26: B | B26: Férias e Adicional de Férias | C26: =ROUND('Custo por trabalhador'!E79+'Custo por trabalhador'!F88,2) -> 555.56
A27: Total | C27: =C25+C26 -> 972.23
A30: Submódulo 2.2 - Encargos Previdenciários (GPS), Fundo de Garantia por Tempo de Serviço (FGTS) e outras contribuições.
A32: 2.2 | B32: GPS, FGTS e outras contribuições | C32: Percentual (%) | D32: Valor (R$)
A33: A | B33: INSS | C33: 0.2 | D33: =C33*($C$17+$C$27) -> 1194.446
A34: B | B34: Salário Educação | C34: 0.025 | D34: =C34*($C$17+$C$27) -> 149.30575
A35: C | B35: SAT | C35: 0.06 | D35: =C35*($C$17+$C$27) -> 358.3338
A36: D | B36: SESC ou SESI | C36: 0.015 | D36: =C36*($C$17+$C$27) -> 89.58345
A37: E | B37: SENAI - SENAC | C37: 0.01 | D37: =C37*($C$17+$C$27) -> 59.7223
A38: F | B38: SEBRAE | C38: 0.006 | D38: =C38*($C$17+$C$27) -> 35.83338
A39: G | B39: INCRA | C39: 0.002 | D39: =C39*($C$17+$C$27) -> 11.94446
A40: H | B40: FGTS | C40: 0.08 | D40: =C40*($C$17+$C$27) -> 477.7784
A41: Total | C41: =SUM(C33:C40) -> 0.398 | D41: =ROUND(SUM(D33:D40),2) -> 2376.95
A44: Submódulo 2.3 - Benefícios Mensais e Diários.
A46: 2.3 | B46: Benefícios Mensais e Diários | C46: Valor (R$)
A47: A | B47: Transporte | C47: =ROUND('Custo por trabalhador'!E170,2) -> 0
A48: B | B48: Auxílio-Refeição/Alimentação | C48: ='Custo por trabalhador'!E199 -> 0
A49: C | B49: Benefício Auxílio Saúde | C49: =ROUND('Custo por trabalhador'!E210,2) -> 110.16
A50: D | B50: Outros (especificar)
A51: Total | C51: =ROUND(SUM(C47:C50),2) -> 110.16
A54: Quadro-Resumo do Módulo 2 - Encargos e Benefícios anuais, mensais e diários
A56: 2 | B56: Encargos e Benefícios Anuais, Mensais e Diários | C56: Valor (R$)
A57: 2.1 | B57: 13º (décimo terceiro) Salário, Férias e Adicional de Férias | C57: =ROUND(C27,2) -> 972.23
A58: 2.2 | B58: GPS, FGTS e outras contribuições | C58: =ROUND(D41,2) -> 2376.95
A59: 2.3 | B59: Benefícios Mensais e Diários | C59: =ROUND(C51,2) -> 110.16
A60: Total | C60: =SUM(C57:C59) -> 3459.34
A63: Módulo 3 - Provisão para Rescisão
A65: 3 | B65: Provisão para Rescisão | C65: Valor (R$)
A66: A | B66: Aviso Prévio Indenizado | C66: =(('Custo por trabalhador'!E265)-('Custo por trabalhador'!E130/12))*0.45 -> 228.08963
A67: B | B67: Incidência do FGTS sobre o Aviso Prévio Indenizado | C67: =ROUND(('Custo por trabalhador'!E130/12)*0.45,2) -> 17.92
A68: C | B68: Multa do FGTS e contribuição social sobre o Aviso Prévio Indenizado | C68: =ROUND(('Custo por trabalhador'!E274)*0.45,2) -> 107.5
A69: D | B69: Aviso Prévio Trabalhado | C69: =('Custo por trabalhador'!H57/12)*0.55 -> 229.16667
A70: E | B70: Incidência dos encargos do submódulo 2.2 sobre o Aviso Prévio Trabalhado | C70: =('Custo por trabalhador'!F241/12)*0.55 -> 158.55297
A71: F | B71: Multa do FGTS e contribuição social sobre o Aviso Prévio Trabalhado | C71: =('Custo por trabalhador'!E304)*0.55 -> 131.38906
A72: Total | C72: =ROUND((C66+C68+C69+C71+C67+C70),2) -> 872.62
A75: Módulo 4 - Custo de Reposição do Profissional Ausente
A78: Submódulo 4.1 - Ausências Legais
A80: 4.1 | B80: Ausências Legais | C80: Valor (R$)
A81: A | B81: Férias | C81: =ROUND('Custo por trabalhador'!F403,2) -> 1684.18
A82: B | B82: Ausências Legais
A83: C | B83: Licença-Paternidade
A84: D | B84: Ausência por acidente de trabalho
A85: E | B85: Afastamento Maternidade
A86: F | B86: Outros (especificar)
A87: Total | C87: =C81 -> 1684.18
A90: Submódulo 4.2 - Intrajornada
A92: 4.2 | B92: Intrajornada | C92: Valor (R$)
A93: A | B93: Intervalo para repouso e alimentação | C93: ='Custo por trabalhador'!E424 -> 0
A94: Total | C94: 0
A97: Quadro-Resumo do Módulo 4 - Custo de Reposição do Profissional Ausente
A99: 4 | B99: Custo de Reposição do Profissional Ausente | C99: Valor (R$)
A100: 4.1 | B100: Ausências Legais | C100: =C87 -> 1684.18
A101: 4.2 | B101: Intrajornada | C101: =C94 -> 0
A102: Total | C102: =SUM(C100:C101) -> 1684.18
A105: Módulo 5 - Insumos Diversos
A107: 5 | B107: Insumos Diversos | C107: Valor (R$)
A108: A | B108: Uniformes | C108: ='Custo por trabalhador'!#REF! -> #REF!
A109: B | B109: Materiais | C109: 0
A110: C | B110: Equipamentos | C110: ='Custo por trabalhador'!#REF! -> #REF!
A111: D | B111: Outros (especificar) | C111: 0
A112: Total | C112: =SUM(C108:C111) -> #REF!
A115: Módulo 6 - Custos Indiretos, Tributos e Lucro
A117: 6 | B117: Custos Indiretos, Tributos e Lucro | C117: Percentual (%) | D117: Valor (R$)
A118: A | B118: Custos Indiretos | C118: ='Custo por trabalhador'!C491 -> 0.03 | D118: =($C$17+$C$60+$C$72+$C$102+$C$112)*C118 -> #REF!
A119: B | B119: Lucro | C119: ='Custo por trabalhador'!C493 -> 0.0679 | D119: =($C$17+$C$60+$C$72+$C$87+$C$112)*C119 -> #REF!
A120: C | B120: Tributos | C120: ='Custo por trabalhador'!C492 -> 0.1425 | D120: =($C$17+$C$60+$C$72+$C$87+$C$112)*C120 -> #REF!
B121: C.1. Tributos Federais (PIS = 1,65%, CONFINS = 7,6% ) | C121: =1.65%+7.6% -> 0.0925
B122: C.2. Tributos Estaduais (= 0%) | C122: 0
B123: C.3. Tributos Municipais (ISS = 5% ) | C123: 0.05
A124: Total | C124: ='Custo por trabalhador'!D497 -> 0.30445795 | D124: =($C$17+$C$60+$C$72+$C$87+$C$112)*C124 -> #REF!
A127: 2. QUADRO-RESUMO DO CUSTO POR EMPREGADO
B129: Mão de obra vinculada à execução contratual (valor por empregado) | C129: Valor (R$)
A130: A | B130: Módulo 1 - Composição da Remuneração | C130: =C17 -> 5000
A131: B | B131: Módulo 2 - Encargos e Benefícios Anuais, Mensais e Diários | C131: =C60 -> 3459.34
A132: C | B132: Módulo 3 - Provisão para Rescisão | C132: =C72 -> 872.62
A133: D | B133: Módulo 4 - Custo de Reposição do Profissional Ausente | C133: =C87 -> 1684.18
A134: E | B134: Módulo 5 - Insumos Diversos | C134: =ROUND(C112,2) -> #REF!
A135: Subtotal (A + B +C+ D+E) | C135: =ROUND(SUM(C130:C134),2) -> #REF!
A136: F | B136: Módulo 6 – Custos Indiretos, Tributos e Lucro | C136: =D124 -> #REF!
A137: Valor Total por Empregado | C137: =C135+C136 -> #REF!
D140: Mossoró, 13 de Outubro de 2022
A142: _____________________________________ Bruna Luana Fontes Rodrigues Diretora de Iluminação Pública CREA: 2117598560 Mat.: 50747-4
